MLB
DETROIT TIGERS @ MILWAUKEE BREWERS
08/16/2049
 
TOP OF THE 1ST
Detroit Tigers batting - Pitching for Milwaukee Brewers : LHP Lewis Thorpe Jr.
Pitching: LHP Lewis Thorpe Jr.
Batting: RHB Andres Leon 0-0: Swinging Strike
0-1: Foul Ball, location: 2F
0-2: Ball
1-2: Strikes out swinging
Batting: RHB Victor Quinones 0-0: Ball
1-0: Fly out, F8 (Flyball, 89D, EV 110.0 MPH)
Batting: RHB Chris Wheatley 0-0: Called Strike
0-1: Ground out 5-3 (Groundball, 56, EV 101.2 MPH)
Top of the 1st over - 0 runs, 0 hits, 0 errors, 0 left on base; Detroit 0 - Milwaukee 0
BOTTOM OF THE 1ST
Milwaukee Brewers batting - Pitching for Detroit Tigers : LHP Bobby Jones
Pitching: LHP Bobby Jones
Batting: LHB Jason Peck 0-0: Foul Ball, location: 2F
0-1: Ball
1-1: Ball
2-1: Foul Ball, location: 2F
2-2: Foul Ball, location: 2F
2-2: Strikes out swinging
Batting: SHB Lewis Thorpe Jr. 0-0: Ball
1-0: Ball
2-0: Ball
3-0: Base on Balls
Batting: RHB Joel Haycock 0-0: Swinging Strike
0-1: Grounds into double play, 6-4-3 (Groundball, 6, EV 102.5 MPH)
Bottom of the 1st over - 0 runs, 0 hits, 0 errors, 0 left on base; Detroit 0 - Milwaukee 0
TOP OF THE 2ND
Detroit Tigers batting - Pitching for Milwaukee Brewers : LHP Lewis Thorpe Jr.
Batting: RHB Dan Friess 0-0: Fly out, F6 (Popup, 6D, EV 44.4 MPH)
Batting: RHB Michel Martineau 0-0: Foul Ball, location: 2F
0-1: Ball
1-1: Called Strike
1-2: Ball
2-2: Foul Ball, location: 2F
2-2: Strikes out looking
Batting: RHB Brady Jeleniewski 0-0: Ball
1-0: Foul Ball, location: 2F
1-1: Fly out, F9 (Flyball, 9LD, EV 99.4 MPH)
Top of the 2nd over - 0 runs, 0 hits, 0 errors, 0 left on base; Detroit 0 - Milwaukee 0
BOTTOM OF THE 2ND
Milwaukee Brewers batting - Pitching for Detroit Tigers : LHP Bobby Jones
Batting: RHB Kisho Ito 0-0: Foul Ball, location: 2F
0-1: Swinging Strike
0-2: Ball
1-2: Foul Ball, location: 2F
1-2: Ball
2-2: Strikes out swinging
Batting: RHB Daniel Donovan 0-0: Ball
1-0: Called Strike
1-1: Ground out U3 (Groundball, 34, EV 104.4 MPH)
Batting: LHB Eric Klasek 0-0: Fly out, F7 (Flyball, 7S, EV 83.1 MPH)
Bottom of the 2nd over - 0 runs, 0 hits, 0 errors, 0 left on base; Detroit 0 - Milwaukee 0
TOP OF THE 3RD
Detroit Tigers batting - Pitching for Milwaukee Brewers : LHP Lewis Thorpe Jr.
Batting: LHB Tyler Davis 0-0: Called Strike
0-1: Swinging Strike
0-2: Strikes out looking
Batting: LHB Frank McConnell 0-0: Foul Ball, location: 2F
0-1: Swinging Strike
0-2: Ground out 5-3 (Groundball, 5, EV 105.6 MPH)
Batting: SHB Adam Weber 0-0: Called Strike
0-1: Ball
1-1: Swinging Strike
1-2: Ball
2-2: Ground out 6-3 (Groundball, 6S, EV 70.0 MPH)
Top of the 3rd over - 0 runs, 0 hits, 0 errors, 0 left on base; Detroit 0 - Milwaukee 0
BOTTOM OF THE 3RD
Milwaukee Brewers batting - Pitching for Detroit Tigers : LHP Bobby Jones
Batting: RHB Jose Morrissey 0-0: Ball
1-0: Fly out, F9 (Line Drive, 9, EV 89.4 MPH)
Batting: LHB Alfredo de la Cruz 0-0: Ball
1-0: Called Strike
1-1: Ball
2-1: Foul Ball, location: 2F
2-2: Fly out, F6 (Line Drive, 4M, EV 73.1 MPH)
Batting: RHB Ben Campbell 0-0: Called Strike
0-1: Ball
1-1: Foul Ball, location: 2F
1-2: Strikes out swinging
Bottom of the 3rd over - 0 runs, 0 hits, 0 errors, 0 left on base; Detroit 0 - Milwaukee 0
TOP OF THE 4TH
Detroit Tigers batting - Pitching for Milwaukee Brewers : LHP Lewis Thorpe Jr.
Batting: RHB Andres Leon 0-0: Ball
1-0: Called Strike
1-1: Foul Ball, location: 2F
1-2: Foul Ball, location: 2F
1-2: Strikes out swinging
Batting: RHB Victor Quinones 0-0: Ground out 4-3 (Groundball, 34D, EV 105.0 MPH)
Batting: RHB Chris Wheatley 0-0: Ball
1-0: Ball
2-0: Ball
3-0: Called Strike
3-1: Base on Balls
Batting: RHB Dan Friess 0-0: Ball
1-0: Called Strike
1-1: DOUBLE (Flyball, 8LXD, EV 114.4 MPH)
Chris Wheatley to third
Runner from 3rd tries for Home, SAFE, throw by CF to home
Batting: RHB Michel Martineau 0-0: Called Strike
0-1: Ball
1-1: Called Strike
1-2: Strikes out swinging
Top of the 4th over - 1 run, 1 hit, 0 errors, 1 left on base; Detroit 1 - Milwaukee 0
BOTTOM OF THE 4TH
Milwaukee Brewers batting - Pitching for Detroit Tigers : LHP Bobby Jones
Batting: LHB Jason Peck 0-0: Called Strike
0-1: Called Strike
0-2: Ball
1-2: Ball
2-2: Foul Ball, location: 2F
2-2: Fly out, F8 (Flyball, 8LD, EV 92.5 MPH)
Batting: SHB Lewis Thorpe Jr. 0-0: Called Strike
0-1: Swinging Strike
0-2: Ball
1-2: Ball
2-2: Ball
3-2: Foul Ball, location: 2F
3-2: Foul Ball, location: 2F
3-2: Foul Ball, location: 2F
3-2: SINGLE (Line Drive, 7LS, EV 93.1 MPH)
Batting: RHB Joel Haycock 0-0: Called Strike
Lewis Thorpe Jr. steals 2nd, throwing error, E2
Lewis Thorpe Jr. to third
0-1: Swinging Strike
0-2: Strikes out swinging
Batting: RHB Kisho Ito 0-0: Foul Ball, location: 2F
0-1: Swinging Strike
0-2: Strikes out swinging
Bottom of the 4th over - 0 runs, 1 hit, 1 error, 1 left on base; Detroit 1 - Milwaukee 0
TOP OF THE 5TH
Detroit Tigers batting - Pitching for Milwaukee Brewers : LHP Lewis Thorpe Jr.
Batting: RHB Brady Jeleniewski 0-0: Swinging Strike
0-1: Ball
1-1: Ground out 5-3 (Groundball, 56S, EV 68.1 MPH)
Batting: LHB Tyler Davis 0-0: Ball
1-0: Ball
2-0: Called Strike
2-1: Ball
3-1: Ground out U3 (Groundball, 34, EV 81.9 MPH)
Batting: LHB Frank McConnell 0-0: Ball
1-0: SINGLE (Groundball, 34D, EV 106.9 MPH)
Batting: SHB Adam Weber 0-0: Swinging Strike
0-1: Ball
Frank McConnell steals 2nd, throwing error, E2
Frank McConnell to third
1-1: Swinging Strike
1-2: Ball
2-2: Foul Ball, location: 2F
2-2: SINGLE (Line Drive, 89S, EV 92.5 MPH)
Frank McConnell scores
Batting: RHB Andres Leon 0-0: Ball
1-0: Ball
2-0: Ground out 4-3 (Groundball, 4, EV 86.2 MPH)
Top of the 5th over - 1 run, 2 hits, 1 error, 1 left on base; Detroit 2 - Milwaukee 0
BOTTOM OF THE 5TH
Milwaukee Brewers batting - Pitching for Detroit Tigers : LHP Bobby Jones
Batting: RHB Daniel Donovan 0-0: Ground out 6-3 (Groundball, 6M, EV 108.1 MPH)
Batting: LHB Eric Klasek 0-0: Ball
1-0: Called Strike
1-1: Swinging Strike
1-2: Strikes out swinging
Batting: RHB Jose Morrissey 0-0: Ball
1-0: Foul Ball, location: 2F
1-1: Called Strike
1-2: Ball
2-2: Ground out 4-3 (Groundball, 4, EV 96.2 MPH)
Bottom of the 5th over - 0 runs, 0 hits, 0 errors, 0 left on base; Detroit 2 - Milwaukee 0
TOP OF THE 6TH
Detroit Tigers batting - Pitching for Milwaukee Brewers : LHP Lewis Thorpe Jr.
Batting: RHB Victor Quinones 0-0: Ball
1-0: Ball
2-0: SOLO HOME RUN (Flyball, 7D, EV 98.1 MPH), Distance : 390 ft
Batting: RHB Chris Wheatley 0-0: Fly out, F8 (Flyball, 89D, EV 102.5 MPH)
Batting: RHB Dan Friess 0-0: Ball
1-0: Ball
2-0: DOUBLE (Line Drive, 89D, EV 106.9 MPH)
Batting: RHB Michel Martineau 0-0: Ball
1-0: Ball
2-0: Swinging Strike
2-1: SINGLE (Groundball, 56D, EV 107.5 MPH)
Dan Friess to third
Runner from 3rd tries for Home, SAFE, throw by LF to home
Batting: RHB Brady Jeleniewski 0-0: Called Strike
0-1: Ball
1-1: Ball
2-1: Fly out, F9 (Line Drive, 89M, EV 84.4 MPH)
Pitching: RHP Javy Uribe
Batting: LHB Tyler Davis 0-0: Foul Ball, location: 2F
0-1: Ball
1-1: Foul Ball, location: 2F
1-2: Strikes out swinging
Top of the 6th over - 2 runs, 3 hits, 0 errors, 1 left on base; Detroit 4 - Milwaukee 0
BOTTOM OF THE 6TH
Milwaukee Brewers batting - Pitching for Detroit Tigers : LHP Bobby Jones
Batting: LHB Alfredo de la Cruz 0-0: Ground out 4-3 (Groundball, 4, EV 77.5 MPH)
Batting: RHB Ben Campbell 0-0: Called Strike
0-1: Called Strike
0-2: Ball
1-2: Fly out, F8 (Flyball, 8RS, EV 86.2 MPH)
Batting: LHB Jason Peck 0-0: Called Strike
0-1: Foul Ball, location: 2F
0-2: Ball
1-2: Ball
2-2: Strikes out swinging
Bottom of the 6th over - 0 runs, 0 hits, 0 errors, 0 left on base; Detroit 4 - Milwaukee 0
TOP OF THE 7TH
Detroit Tigers batting - Pitching for Milwaukee Brewers : RHP Javy Uribe
Batting: LHB Frank McConnell 0-0: Ball
1-0: Ball
2-0: Swinging Strike
2-1: Foul Ball, location: 2F
2-2: Ball
3-2: Base on Balls
Batting: SHB Adam Weber 0-0: Sac Bunt to 3S - play at first, batter OUT! 3-4
Frank McConnell to second
Batting: RHB Andres Leon 0-0: Called Strike
0-1: Ball
1-1: Foul Ball, location: 2F
1-2: Foul Ball, location: 2F
1-2: Ground out 5-3 (Groundball, 56, EV 91.2 MPH)
Batting: RHB Victor Quinones 0-0: Ball
1-0: Ball
2-0: Foul Ball, location: 2F
2-1: Foul Ball, location: 2F
2-2: DOUBLE (Line Drive, 8LXD, EV 108.1 MPH)
Frank McConnell scores
Batting: RHB Chris Wheatley 0-0: Ball
1-0: DOUBLE (Line Drive, 78M, EV 97.5 MPH)
Victor Quinones scores
Batting: RHB Dan Friess 0-0: Called Strike
0-1: Swinging Strike
0-2: Foul Ball, location: 2F
0-2: Ball
1-2: Foul Ball, location: 2F
1-2: Strikes out swinging
Top of the 7th over - 2 runs, 2 hits, 0 errors, 1 left on base; Detroit 6 - Milwaukee 0
BOTTOM OF THE 7TH
Milwaukee Brewers batting - Pitching for Detroit Tigers : LHP Bobby Jones
Batting: SHB Lewis Thorpe Jr. 0-0: Swinging Strike
0-1: SOLO HOME RUN (Flyball, 8RXD, EV 117.5 MPH), Distance : 465 ft
Batting: RHB Joel Haycock 0-0: Called Strike
0-1: Ball
1-1: Ball
2-1: Ball
3-1: Foul Ball, location: 2F
3-2: Base on Balls
Batting: RHB Kisho Ito 0-0: Ball
1-0: SINGLE (Flyball, 8LS, EV 96.9 MPH)
Joel Haycock to second
Batting: RHB Daniel Donovan 0-0: Ball
1-0: Ball
2-0: Ball
3-0: Called Strike
3-1: Base on Balls
Joel Haycock to third
Kisho Ito to second
Batting: LHB Eric Klasek 0-0: Ball
1-0: Foul Ball, location: 2F
1-1: Fielders Choice at 2nd, 6-4 (Groundball, 56, EV 94.4 MPH)
Joel Haycock scores
Kisho Ito to third
Batting: RHB Jose Morrissey 0-0: Ball
1-0: Called Strike
1-1: Called Strike
1-2: 3-RUN HOME RUN (Flyball, 7D, EV 105.0 MPH), Distance : 434 ft
Batting: LHB Alfredo de la Cruz 0-0: Ball
1-0: Fly out, F9 (Line Drive, 9LS, EV 98.1 MPH)
Batting: RHB Ben Campbell 0-0: Swinging Strike
0-1: Called Strike
0-2: Ball
1-2: Foul Ball, location: 2F
1-2: Foul Ball, location: 2F
1-2: Fly out, F9 (Flyball, 9S, EV 78.8 MPH)
Bottom of the 7th over - 5 runs, 3 hits, 0 errors, 0 left on base; Detroit 6 - Milwaukee 5
TOP OF THE 8TH
Detroit Tigers batting - Pitching for Milwaukee Brewers : RHP Javy Uribe
Pitching: RHP Timóteo Metzener
Batting: LHB Conrad Taylor 0-0: Foul Ball, location: 2F
0-1: Ball
1-1: Swinging Strike
1-2: Ball
2-2: Ball
3-2: SOLO HOME RUN (Flyball, 7D, EV 101.2 MPH), Distance : 376 ft
Batting: RHB Brady Jeleniewski 0-0: Ball
1-0: Foul Ball, location: 2F
1-1: Ground out 6-3 (Groundball, 6, EV 83.8 MPH)
Batting: LHB Tyler Davis 0-0: Called Strike
0-1: Foul Ball, location: 2F
0-2: Ball
1-2: Foul Ball, location: 2F
1-2: Strikes out swinging
Batting: LHB Frank McConnell 0-0: Ball
1-0: Foul Ball, location: 2F
1-1: Ground out U3 (Groundball, 3, EV 87.5 MPH)
Top of the 8th over - 1 run, 1 hit, 0 errors, 0 left on base; Detroit 7 - Milwaukee 5
BOTTOM OF THE 8TH
Milwaukee Brewers batting - Pitching for Detroit Tigers : LHP Bobby Jones
Pitching: RHP Bobby Wright
Batting: LHB Jason Peck 0-0: Fly out, F7 (Line Drive, 78D, EV 86.2 MPH)
Batting: SHB Lewis Thorpe Jr. 0-0: Foul Ball, location: 2F
0-1: Swinging Strike
0-2: Ball
1-2: SINGLE (Flyball, 4MD, EV 82.5 MPH)
Batting: RHB Joel Haycock 0-0: Called Strike
0-1: SINGLE (Line Drive, 8LS, EV 103.8 MPH)
Lewis Thorpe Jr. to second
Pinch Hitting: SHB Orlando Torres 0-0: Ball
1-0: Foul Ball, location: 2F
1-1: Fly out, F5 (Popup, 25F, EV 81.2 MPH)
Batting: RHB Daniel Donovan 0-0: Ball
1-0: Ball
2-0: Ground out 5-3 (Groundball, 56S, EV 87.5 MPH)
Bottom of the 8th over - 0 runs, 2 hits, 0 errors, 2 left on base; Detroit 7 - Milwaukee 5
TOP OF THE 9TH
Detroit Tigers batting - Pitching for Milwaukee Brewers : RHP Timóteo Metzener
Now at 2B: Jose Morrissey
Now at 3B: Orlando Torres
Batting: SHB Adam Weber 0-0: Ground out 6-3 (Groundball, 6S, EV 87.5 MPH)
Batting: RHB Andres Leon 0-0: Foul Ball, location: 2F
0-1: Called Strike
0-2: Ball
1-2: Ground out 6-3 (Groundball, 6D, EV 81.9 MPH)
Batting: RHB Victor Quinones 0-0: Called Strike
0-1: Called Strike
0-2: Strikes out looking
Top of the 9th over - 0 runs, 0 hits, 0 errors, 0 left on base; Detroit 7 - Milwaukee 5
BOTTOM OF THE 9TH
Milwaukee Brewers batting - Pitching for Detroit Tigers : RHP Bobby Wright
Pitching: RHP Luis Brown
Batting: LHB Eric Klasek 0-0: Called Strike
0-1: Swinging Strike
0-2: Ball
1-2: Foul Ball, location: 2F
1-2: Ball
2-2: Strikes out looking
Batting: RHB Jose Morrissey 0-0: Ball
1-0: Ball
2-0: Fly out, F7 (Flyball, 7, EV 87.5 MPH)
Batting: LHB Alfredo de la Cruz 0-0: DOUBLE (Line Drive, 89D, EV 110.6 MPH)
Batting: RHB Ben Campbell 0-0: Called Strike
0-1: Ball
1-1: Called Strike
1-2: Foul Ball, location: 2F
1-2: Ball
2-2: Ball
3-2: SINGLE (Groundball, 34D, EV 105.6 MPH)
Alfredo de la Cruz to third
Batting: LHB Jason Peck 0-0: Swinging Strike
0-1: DOUBLE (Line Drive, 89D, EV 106.2 MPH)
Alfredo de la Cruz scores
Ben Campbell to third
Runner from 3rd tries for Home, SAFE, throw by RF to home
Batting: SHB Lewis Thorpe Jr. 0-0: Intentional Walk
Batting: RHB Joel Haycock 0-0: Ball
1-0: 3-RUN HOME RUN (Flyball, 7D, EV 95.6 MPH), Distance : 376 ft
Bottom of the 9th over - 5 runs, 4 hits, 0 errors, 0 left on base; Detroit 7 - Milwaukee 10
Sunday, July 16th , 2023 - OOTP Baseball 24.6 Build 69